 Dungeon Crawl Stone Soup version 0.19-a0-1895-g783e625 (webtiles) character file.

79 dobroeutro the Bolt Thrower (level 4, 0/28 HPs)
             Began as a Kobold Hunter on Oct 19, 2016.
             Succumbed to an adder's poison
             ... on level 3 of the Dungeon.
             The game lasted 00:02:53 (1343 turns).

dobroeutro the Bolt Thrower (Kobold Hunter)         Turns: 1343, Time: 00:02:54

Health: 0/28       AC:  5    Str: 10    XL:     4   Next: 62%
Magic:  4/4        EV: 14    Int:  7    God:
Gold:   113        SH:  0    Dex: 15    Spells: 0 memorised, 3 levels left

rFire  . . .     SeeInvis .     x - +6 club
rCold  . . .     Gourm    .     c - +0 leather armour
rNeg   . . .     Faith    .     (shield restricted)
rPois  .         Spirit   .     k - +1 helmet
rElec  .         Reflect  .     (no cloak)
rCorr  .         Harm     .     (no gloves)
MR     .....                    (no boots)
Stlth  +.........               (no amulet)
                                h - ring of loudness (curse)
                                g - -5 ring of intelligence (curse)

@: lethally poisoned (0 -> -2)
A: carnivore 3
a: no special abilities


You were on level 3 of the Dungeon.
You were very full.

You visited 1 branch of the dungeon, and saw 3 of its levels.

You collected 113 gold pieces.

Inventory:

Hand Weapons
 a - a +1 hand crossbow
 b - a +0 short sword
 l - a +1 dagger of draining
 x - a +6 club (weapon)
Missiles
 d - 19 bolts
Armour
 c - a +0 leather armour (worn)
 k - a +1 helmet (worn)
Jewellery
 g - a cursed -5 ring of intelligence (left hand)
 h - a cursed ring of loudness (right hand)
 v - a +4 ring of dexterity {unknown}
Wands
 w - a wand of confusion (39/48)
Scrolls
 r - a scroll of identify
 s - a scroll of teleportation
 u - 4 scrolls of recharging
Potions
 j - a potion of heal wounds {unknown}
 m - a potion of haste {unknown}
 o - a potion of brilliance {unknown}
 q - a potion of degeneration
Comestibles
 f - 2 meat rations
 i - a slice of pizza


   Skills:
 + Level 3.1 Fighting
 * Level 2.9 Short Blades
 + Level 5.2 Crossbows
 - Level 2.4 Dodging
 + Level 2.9 Stealth


You had 3 spell levels left.
You didn't know any spells.

Dungeon Overview and Level Annotations

Branches:
Dungeon (3/15)

Altars:
Cheibriados


Innate Abilities, Weirdness & Mutations

You are small and have problems with some larger weapons.
You are carnivorous and can eat meat at any time.


Message History

You see here a stone.
* * * LOW HITPOINT WARNING * * *
You feel sick.
The kobold throws a stone.
The stone hits you but does no damage.
You see here a stone.
There is a stone staircase leading down here.
You see here a stone.
* * * LOW HITPOINT WARNING * * *
You feel sick.
* * * LOW HITPOINT WARNING * * *
You feel sick.
* * * LOW HITPOINT WARNING * * *
You feel sick.
* * * LOW HITPOINT WARNING * * *
You feel sick.
* * * LOW HITPOINT WARNING * * *
You feel sick.
* * * LOW HITPOINT WARNING * * *
You feel sick.
You die...

..#.....##.# #..# .#
#.#.###.# #..# ##
##.#.##.# #..#
K###.###.#.# #..#
#.#.#####..# #<.#
##.#.....#####
########..#
#[##........###.........#
#...............#######.#
###########.K..@........#
###############


You could see a kobold.

Vanquished Creatures
  Ijyb (D:2)
  2 adders
  A worm (D:2)
  4 dart slugs
  A leopard gecko (D:1)
  A giant cockroach (D:1)
  4 hobgoblins
  3 bats
  A frilled lizard (D:1)
  3 goblins
  4 kobolds
  3 rats
28 creatures vanquished.

Notes
Turn   | Place    | Note
-------+----------+-------------------------------------------
     0 | D:1      | dobroeutro the Kobold Hunter began the quest for the Orb.
     0 | D:1      | Reached XP level 1. HP: 12/12 MP: 1/1
    82 | D:1      | Reached skill level 1 in Short Blades
   218 | D:1      | Reached XP level 2. HP: 14/18 MP: 2/2
   242 | D:1      | Reached skill level 5 in Crossbows
   474 | D:2      | Reached XP level 3. HP: 22/22 MP: 3/3
   552 | D:2      | Found a snail-covered altar of Cheibriados.
  1020 | D:2      | Noticed Ijyb
  1039 | D:2      | Killed Ijyb
  1039 | D:2      | Reached XP level 4. HP: 18/28 MP: 4/4
  1335 | D:3      | HP: 1/28 [poisoned by an adder]
  1343 | D:3      | Succumbed to an adder's poison

Vault maps used:
D:1:      dpeg_arrival_leaves_temple_mockup
D:2:      overflow_temple_1_default, minivault_4, uniq_iyjb
D:3:      uniq_sigmund

Skill      XL: |  1  2  3 |
---------------+----------+-----
Short Blades   | 1 2 |  2.9
Crossbows      | 5 |  5.2
Stealth        | 2 |  2.9
Fighting       | 3 |  3.1
Dodging        | |  2.4

Action                   |  1- 3 |  4- 6 || total
-------------------------+-------+-------++-------
Melee: Short sword       |    23 |       ||    23
       Dagger            |    56 |       ||    56
       Club              |       |    10 ||    10
 Fire: Hand crossbow     |    13 |       ||    13
  Use: Scroll            |       |     7 ||     7
  Eat: Chunk             |     7 |     2 ||     9
Armor: Leather armour    |    15 |     4 ||    19
Dodge: Dodged            |    48 |    15 ||    63
